TOP OF THE 1ST |
Batavia Muckdogs batting - Pitching for Brooklyn Cyclones : RHP Barney Pederson
|
Pitching: RHP Barney Pederson
|
|
Batting: LHB Orlando Rivera
|
0-0: Ground out U3 (Groundball, 34S, EV 93.1 MPH)
|
Batting: LHB Matt McKeon
|
0-0: Ball 1-0: Swinging Strike 1-1: Swinging Strike 1-2: Strikes out swinging
|
Batting: RHB Manuel Taveras
|
0-0: Swinging Strike 0-1: Foul Ball, location: 2F 0-2: Foul Ball, location: 2F 0-2: TRIPLE (Flyball, 89XD, EV 94.4 MPH)
|
Batting: RHB Orlando Landa
|
0-0: Ball 1-0: Called Strike 1-1: Foul Ball, location: 2F 1-2: Fly out, F9 (Flyball, 9, EV 85.0 MPH)
|
Top of the 1st over - 0 runs, 1 hit, 0 errors, 1 left on base; Batavia 0 - Brooklyn 0 |
BOTTOM OF THE 1ST |
Brooklyn Cyclones batting - Pitching for Batavia Muckdogs : RHP Wei-guo Tsu
|
Pitching: RHP Wei-guo Tsu
|
|
Batting: RHB Darwin Mills
|
0-0: Called Strike 0-1: Ball 1-1: Swinging Strike 1-2: Ball 2-2: Strikes out looking
|
Batting: RHB Mike Mathews
|
0-0: Ground out 1-3 (Groundball, 13S, EV 73.1 MPH)
|
Batting: SHB Harrison Feist
|
0-0: Called Strike 0-1: Called Strike 0-2: Ball 1-2: Strikes out swinging
|
Bottom of the 1st over - 0 runs, 0 hits, 0 errors, 0 left on base; Batavia 0 - Brooklyn 0 |
TOP OF THE 2ND |
Batavia Muckdogs batting - Pitching for Brooklyn Cyclones : RHP Barney Pederson
|
Batting: RHB Trent Hood
|
0-0: Called Strike 0-1: SINGLE (Groundball, 6MD, EV 104.4 MPH)
|
Batting: SHB Justin Corbett
|
0-0: Called Strike 0-1: Called Strike 0-2: Strikes out swinging
|
Batting: RHB Dennis Coppolino
|
0-0: Fielders Choice at 2nd, 6-4 (Groundball, 6, EV 85.6 MPH)
|
Batting: RHB Torquato Uso
|
0-0: SINGLE (Groundball, 6, EV 93.8 MPH) Dennis Coppolino to second
|
Batting: RHB Orlando Melendres
|
0-0: Called Strike 0-1: Foul Ball, location: 2F 0-2: Ball 1-2: Ball 2-2: Strikes out swinging
|
Top of the 2nd over - 0 runs, 2 hits, 0 errors, 2 left on base; Batavia 0 - Brooklyn 0 |
BOTTOM OF THE 2ND |
Brooklyn Cyclones batting - Pitching for Batavia Muckdogs : RHP Wei-guo Tsu
|
Batting: RHB Mike Patterson
|
0-0: Ball 1-0: Foul Ball, location: 2F 1-1: Ball 2-1: Called Strike 2-2: Ball 3-2: Strikes out looking
|
Batting: RHB Matt Tittle
|
0-0: Ball 1-0: Ball 2-0: Called Strike 2-1: Called Strike 2-2: Ground out 5-3 (Groundball, 15, EV 85.0 MPH)
|
Batting: LHB Ryan Stegall
|
0-0: Foul Ball, location: 2F 0-1: Called Strike 0-2: Ball 1-2: Strikes out swinging
|
Bottom of the 2nd over - 0 runs, 0 hits, 0 errors, 0 left on base; Batavia 0 - Brooklyn 0 |
TOP OF THE 3RD |
Batavia Muckdogs batting - Pitching for Brooklyn Cyclones : RHP Barney Pederson
|
Batting: LHB Orlando Rivera
|
0-0: Foul Ball, location: 2F 0-1: Bunt missed! 0-2: Ball 1-2: Ball 2-2: Ball 3-2: Strikes out swinging
|
Batting: LHB Matt McKeon
|
0-0: Called Strike 0-1: Called Strike 0-2: Ball 1-2: Strikes out swinging
|
Pitching: RHP Adrian Colorado
|
|
Batting: RHB Manuel Taveras
|
0-0: Ball 1-0: Fly out, F7 (Flyball, 78S, EV 80.6 MPH)
|
Top of the 3rd over - 0 runs, 0 hits, 0 errors, 0 left on base; Batavia 0 - Brooklyn 0 |
BOTTOM OF THE 3RD |
Brooklyn Cyclones batting - Pitching for Batavia Muckdogs : RHP Wei-guo Tsu
|
Batting: RHB Marvin Merino
|
0-0: Ball 1-0: Ball 2-0: Called Strike 2-1: Fly out, F8 (Flyball, 8RS, EV 85.0 MPH)
|
Batting: RHB Brad Brown
|
0-0: Swinging Strike 0-1: Swinging Strike 0-2: Ball 1-2: Ball 2-2: Ball 3-2: Foul Ball, location: 2F 3-2: Strikes out swinging
|
Batting: RHB Tyler Lybrand
|
0-0: Ball 1-0: Ball 2-0: Foul Ball, location: 2F 2-1: Ball 3-1: Foul Ball, location: 2F 3-2: Strikes out looking
|
Bottom of the 3rd over - 0 runs, 0 hits, 0 errors, 0 left on base; Batavia 0 - Brooklyn 0 |
TOP OF THE 4TH |
Batavia Muckdogs batting - Pitching for Brooklyn Cyclones : RHP Adrian Colorado
|
Batting: RHB Orlando Landa
|
0-0: Ball 1-0: Ball 2-0: Foul Ball, location: 2F 2-1: Ball 3-1: Ground out U3 (Groundball, 34S, EV 86.9 MPH)
|
Batting: RHB Trent Hood
|
0-0: Ball 1-0: Called Strike 1-1: Foul Ball, location: 2F 1-2: Strikes out looking
|
Batting: SHB Justin Corbett
|
0-0: Ball 1-0: Swinging Strike 1-1: Ball 2-1: Swinging Strike 2-2: Strikes out swinging
|
Top of the 4th over - 0 runs, 0 hits, 0 errors, 0 left on base; Batavia 0 - Brooklyn 0 |
BOTTOM OF THE 4TH |
Brooklyn Cyclones batting - Pitching for Batavia Muckdogs : RHP Wei-guo Tsu
|
Batting: RHB Darwin Mills
|
0-0: Ball 1-0: Called Strike 1-1: Called Strike 1-2: Ball 2-2: Foul Ball, location: 2F 2-2: Foul Ball, location: 2F 2-2: Strikes out swinging
|
Batting: RHB Mike Mathews
|
0-0: Ball 1-0: Called Strike 1-1: Ball 2-1: Foul Ball, location: 2F 2-2: Strikes out swinging
|
Batting: SHB Harrison Feist
|
0-0: Ball 1-0: Ball 2-0: Foul Ball, location: 2F 2-1: Ball 3-1: Foul Ball, location: 2F 3-2: Strikes out looking
|
Bottom of the 4th over - 0 runs, 0 hits, 0 errors, 0 left on base; Batavia 0 - Brooklyn 0 |
TOP OF THE 5TH |
Batavia Muckdogs batting - Pitching for Brooklyn Cyclones : RHP Adrian Colorado
|
Batting: RHB Dennis Coppolino
|
0-0: Ball 1-0: DOUBLE (Line Drive, 9LM, EV 100.0 MPH)
|
Pitching: RHP Danny Helm
|
|
Batting: RHB Torquato Uso
|
0-0: Called Strike 0-1: Swinging Strike 0-2: Ball 1-2: Strikes out swinging
|
Batting: RHB Orlando Melendres
|
0-0: Called Strike 0-1: Ball 1-1: Called Strike 1-2: Ball 2-2: Ball 3-2: SINGLE (Line Drive, 56D, EV 108.1 MPH) Dennis Coppolino to third
|
Batting: LHB Orlando Rivera
|
0-0: Fly out, F5 (Line Drive, 5L, EV 68.1 MPH)
|
Batting: LHB Matt McKeon
|
0-0: Ball 1-0: Called Strike 1-1: Ball 2-1: Ball 3-1: Base on Balls Orlando Melendres to second
|
Batting: RHB Manuel Taveras
|
0-0: Called Strike 0-1: Ball 1-1: Ball 2-1: Foul Ball, location: 2F 2-2: Ball 3-2: Foul Ball, location: 2F 3-2: Foul Ball, location: 2F 3-2: Base on Balls Dennis Coppolino scores Orlando Melendres to third Matt McKeon to second
|
Batting: RHB Orlando Landa
|
0-0: Ball 1-0: Called Strike 1-1: Ball 2-1: Ball 3-1: Called Strike 3-2: Foul Ball, location: 2F 3-2: Base on Balls Orlando Melendres scores Matt McKeon to third Manuel Taveras to second
|
Batting: RHB Trent Hood
|
0-0: Ball 1-0: Ball 2-0: Called Strike 2-1: Foul Ball, location: 2F 2-2: Ball 3-2: Foul Ball, location: 2F 3-2: Foul Ball, location: 2F 3-2: Base on Balls Matt McKeon scores Manuel Taveras to third Orlando Landa to second
|
Batting: SHB Justin Corbett
|
0-0: Fly out, F9 (Flyball, 9LM, EV 93.8 MPH)
|
Top of the 5th over - 3 runs, 2 hits, 0 errors, 3 left on base; Batavia 3 - Brooklyn 0 |
BOTTOM OF THE 5TH |
Brooklyn Cyclones batting - Pitching for Batavia Muckdogs : RHP Wei-guo Tsu
|
Batting: RHB Mike Patterson
|
0-0: Called Strike 0-1: Ball 1-1: Ball 2-1: Ball 3-1: Base on Balls
|
Batting: RHB Matt Tittle
|
0-0: Ball 1-0: Called Strike 1-1: Ball 2-1: Foul Ball, location: 2F 2-2: Foul Ball, location: 2F 2-2: Strikes out swinging
|
Batting: LHB Ryan Stegall
|
0-0: Called Strike 0-1: Ball 1-1: Foul Ball, location: 2F 1-2: Ball 2-2: Ball 3-2: Strikes out swinging
|
Batting: RHB Marvin Merino
|
0-0: Ball 1-0: Called Strike 1-1: Fielders Choice at 2nd, 6-4 (Groundball, 6, EV 75.6 MPH)
|
Bottom of the 5th over - 0 runs, 0 hits, 0 errors, 1 left on base; Batavia 3 - Brooklyn 0 |
TOP OF THE 6TH |
Batavia Muckdogs batting - Pitching for Brooklyn Cyclones : RHP Danny Helm
|
Batting: RHB Dennis Coppolino
|
0-0: Ball 1-0: SINGLE (Groundball, 5D, EV 103.1 MPH)
|
Batting: RHB Torquato Uso
|
0-0: Fielders Choice at 2nd, 4-6 (Groundball, 34, EV 84.4 MPH)
|
Batting: RHB Orlando Melendres
|
0-0: Called Strike 0-1: Ball Torquato Uso steals 2nd, throwing error, E2 Torquato Uso to third 1-1: Ball 2-1: SINGLE (Groundball, 6MD, EV 105.6 MPH) Torquato Uso scores
|
Batting: LHB Orlando Rivera
|
0-0: Ball 1-0: Called Strike 1-1: Fly out, F8 (Flyball, 8LM, EV 85.0 MPH)
|
Batting: LHB Matt McKeon
|
0-0: Ball 1-0: Ball Orlando Melendres steals 2nd base 2-0: Called Strike 2-1: Foul Ball, location: 2F 2-2: Ball 3-2: SINGLE (Groundball, 4D, EV 99.4 MPH) Orlando Melendres to third Runner from 3rd tries for Home, SAFE, throw by RF to home
|
Batting: RHB Manuel Taveras
|
0-0: Swinging Strike 0-1: Swinging Strike 0-2: Ball 1-2: Strikes out looking
|
Top of the 6th over - 2 runs, 3 hits, 1 error, 1 left on base; Batavia 5 - Brooklyn 0 |
BOTTOM OF THE 6TH |
Brooklyn Cyclones batting - Pitching for Batavia Muckdogs : RHP Wei-guo Tsu
|
Batting: RHB Brad Brown
|
0-0: Ball 1-0: Called Strike 1-1: Ball 2-1: Ball 3-1: Swinging Strike 3-2: Strikes out swinging
|
Batting: RHB Tyler Lybrand
|
0-0: Called Strike 0-1: Called Strike 0-2: Fly out, F4 (Popup, 34D, EV 68.8 MPH)
|
Batting: RHB Darwin Mills
|
0-0: Called Strike 0-1: Ball 1-1: Ball 2-1: Ball 3-1: Base on Balls
|
Batting: RHB Mike Mathews
|
0-0: Ball Wild Pitch! Darwin Mills to second 1-0: Ball 2-0: Called Strike 2-1: SINGLE (Line Drive, 4D, EV 101.2 MPH) Darwin Mills to third
|
Batting: SHB Harrison Feist
|
0-0: Swinging Strike 0-1: Swinging Strike 0-2: Ball 1-2: Strikes out swinging
|
Bottom of the 6th over - 0 runs, 1 hit, 0 errors, 2 left on base; Batavia 5 - Brooklyn 0 |
TOP OF THE 7TH |
Batavia Muckdogs batting - Pitching for Brooklyn Cyclones : RHP Danny Helm
|
Batting: RHB Orlando Landa
|
0-0: Ball 1-0: Swinging Strike 1-1: Ball 2-1: Foul Ball, location: 2F 2-2: Foul Ball, location: 2F 2-2: SINGLE (Flyball, 4D, EV 88.1 MPH)
|
Batting: RHB Trent Hood
|
0-0: Ball Orlando Landa steals 2nd base 1-0: Ground out 2-3 (Groundball, 2L, EV 64.4 MPH) Orlando Landa to third
|
Batting: SHB Justin Corbett
|
0-0: Ball 1-0: Swinging Strike 1-1: Foul Ball, location: 2F 1-2: Foul Ball, location: 2F 1-2: Ball 2-2: Foul Ball, location: 2F 2-2: SINGLE (Groundball, 4M, EV 89.4 MPH) (infield hit) Orlando Landa scores
|
Batting: RHB Dennis Coppolino
|
Pickoff Throw to First - Out! 1-3 CS 0-0: Ball 1-0: Foul Ball, location: 2F 1-1: Ball 2-1: Called Strike 2-2: Foul Ball, location: 2F 2-2: Ball 3-2: DOUBLE (Groundball, 5L, EV 108.1 MPH)
|
Batting: RHB Torquato Uso
|
0-0: Ball 1-0: Foul Ball, location: 2F 1-1: Ball 2-1: SINGLE (Groundball, 34D, EV 104.4 MPH) Dennis Coppolino to third Runner from 3rd tries for Home, SAFE, throw by RF to home
|
Batting: RHB Orlando Melendres
|
0-0: Swinging Strike 0-1: Ball 1-1: Ball Passed Ball! Torquato Uso to second 2-1: Ball 3-1: Foul Ball, location: 2F 3-2: Strikes out looking
|
Top of the 7th over - 2 runs, 4 hits, 0 errors, 1 left on base; Batavia 7 - Brooklyn 0 |
BOTTOM OF THE 7TH |
Brooklyn Cyclones batting - Pitching for Batavia Muckdogs : RHP Wei-guo Tsu
|
Batting: RHB Mike Patterson
|
0-0: Swinging Strike 0-1: Ball 1-1: Ball 2-1: Foul Ball, location: 2F 2-2: Strikes out swinging
|
Batting: RHB Matt Tittle
|
0-0: Ball 1-0: Ball 2-0: Foul Ball, location: 2F 2-1: SINGLE (Line Drive, 3D, EV 103.8 MPH)
|
Batting: LHB Ryan Stegall
|
0-0: Sac Bunt to P - play at first, batter OUT! 1-3 Matt Tittle to second
|
Batting: RHB Marvin Merino
|
0-0: Ball 1-0: Ball 2-0: Called Strike 2-1: Ball 3-1: Base on Balls
|
Batting: RHB Brad Brown
|
0-0: Called Strike 0-1: Ball 1-1: Ball 2-1: Foul Ball, location: 2F 2-2: Fly out, F8 (Flyball, 8LD, EV 91.2 MPH)
|
Bottom of the 7th over - 0 runs, 1 hit, 0 errors, 2 left on base; Batavia 7 - Brooklyn 0 |
TOP OF THE 8TH |
Batavia Muckdogs batting - Pitching for Brooklyn Cyclones : RHP Danny Helm
|
Pinch Hitting: RHB Rich Cracchiolo
|
0-0: Called Strike 0-1: Ball 1-1: Foul Ball, location: 2F 1-2: Foul Ball, location: 2F 1-2: Ball 2-2: Ball 3-2: Foul Ball, location: 2F 3-2: Foul Ball, location: 2F 3-2: Base on Balls
|
Pinch Hitting: RHB Axel Moltke
|
0-0: Fielders Choice at 2nd, 6-4 (Groundball, 56, EV 86.9 MPH)
|
Batting: RHB Manuel Taveras
|
0-0: Fly out, F8 (Flyball, 8RD, EV 96.2 MPH)
|
Batting: RHB Orlando Landa
|
0-0: Called Strike 0-1: Called Strike 0-2: Hit by Pitch Axel Moltke to second
|
Batting: RHB Trent Hood
|
0-0: Ground out 4-3 (Groundball, 4D, EV 101.9 MPH)
|
Top of the 8th over - 0 runs, 0 hits, 0 errors, 2 left on base; Batavia 7 - Brooklyn 0 |
BOTTOM OF THE 8TH |
Brooklyn Cyclones batting - Pitching for Batavia Muckdogs : RHP Wei-guo Tsu
|
Now in CF: Calvin Morin
|
|
Now in RF: Rich Cracchiolo
|
|
Batting: RHB Tyler Lybrand
|
0-0: Ball 1-0: Ball 2-0: Called Strike 2-1: Ball 3-1: Foul Ball, location: 2F 3-2: Strikes out swinging
|
Batting: RHB Darwin Mills
|
0-0: Foul Ball, location: 2F 0-1: Foul Ball, location: 2F 0-2: Ball 1-2: Strikes out swinging
|
Batting: RHB Mike Mathews
|
0-0: Foul Ball, location: 2F 0-1: SINGLE (Groundball, 34D, EV 94.4 MPH)
|
Batting: SHB Harrison Feist
|
0-0: Ball 1-0: Called Strike 1-1: Called Strike 1-2: Foul Ball, location: 2F 1-2: Foul Ball, location: 2F 1-2: Foul Ball, location: 2F 1-2: Ball 2-2: Foul Ball, location: 2F 2-2: Ball 3-2: Foul Ball, location: 2F 3-2: Strikes out swinging
|
Bottom of the 8th over - 0 runs, 1 hit, 0 errors, 1 left on base; Batavia 7 - Brooklyn 0 |
TOP OF THE 9TH |
Batavia Muckdogs batting - Pitching for Brooklyn Cyclones : RHP Danny Helm
|
Batting: SHB Justin Corbett
|
0-0: Swinging Strike 0-1: Foul Ball, location: 2F 0-2: Ball 1-2: SINGLE (Groundball, 6S, EV 67.5 MPH) (infield hit)
|
Batting: RHB Dennis Coppolino
|
0-0: SINGLE (Groundball, 34D, EV 98.1 MPH) Justin Corbett to second Throwing error, E9 Justin Corbett scores Dennis Coppolino to second
|
Batting: RHB Torquato Uso
|
0-0: SINGLE (Line Drive, 78S, EV 100.6 MPH) Dennis Coppolino to third
|
Batting: RHB Orlando Melendres
|
0-0: Called Strike 0-1: Fielders Choice at 2nd, 1-4 (Groundball, 15S, EV 64.4 MPH)
|
Batting: RHB Rich Cracchiolo
|
0-0: SINGLE (Line Drive, 34D, EV 94.4 MPH) Dennis Coppolino scores Orlando Melendres to second Runner from 2nd tries for 3rd, SAFE, throw by RF made to third
|
Batting: RHB Calvin Morin
|
0-0: Fielders Choice at 2nd, 5-4 (Groundball, 56, EV 103.1 MPH) Orlando Melendres scores
|
Batting: RHB Manuel Taveras
|
0-0: Ground out 5-3 (Groundball, 5S, EV 80.0 MPH)
|
Top of the 9th over - 3 runs, 4 hits, 1 error, 1 left on base; Batavia 10 - Brooklyn 0 |
BOTTOM OF THE 9TH |
Brooklyn Cyclones batting - Pitching for Batavia Muckdogs : RHP Wei-guo Tsu
|
Pitching: RHP Marco Quezada
|
|
Batting: RHB Mike Patterson
|
0-0: Called Strike 0-1: Swinging Strike 0-2: Foul Ball, location: 2F 0-2: Ball 1-2: Ball 2-2: Foul Ball, location: 2F 2-2: Strikes out swinging
|
Batting: RHB Matt Tittle
|
0-0: Ball 1-0: Ball 2-0: Ball 3-0: Called Strike 3-1: Foul Ball, location: 2F 3-2: Base on Balls
|
Batting: LHB Ryan Stegall
|
0-0: Called Strike 0-1: Foul Ball, location: 2F 0-2: Ball 1-2: Ball 2-2: Strikes out swinging
|
Pitching: RHP Matt Alexander
|
|
Batting: RHB Marvin Merino
|
0-0: Foul Ball, location: 2F 0-1: Ball 1-1: Foul Ball, location: 2F 1-2: Foul Ball, location: 2F 1-2: Strikes out looking
|
Bottom of the 9th over - 0 runs, 0 hits, 0 errors, 1 left on base; Batavia 10 - Brooklyn 0 |
|